MID
KANE COUNTY COUGARS @ CLINTON LUMBERKINGS
08/12/2099
 
TOP OF THE 1ST
Kane County Cougars batting - Pitching for Clinton LumberKings : RHP Emilio Fioravanti
Pitching: RHP Emilio Fioravanti
Batting: RHB Brian Noonan 0-0: Called Strike
0-1: Called Strike
0-2: Ground out 6-3 (Groundball, 6, EV 106.3 MPH)
Batting: RHB Jim Unknown 0-0: Ground out 4-3 (Groundball, 4, EV 87.5 MPH)
Batting: RHB Sam Eide 0-0: Called Strike
0-1: Swinging Strike
0-2: Ball
1-2: Foul Ball, location: 3F
1-2: Ball
2-2: Strikes out swinging
Top of the 1st over - 0 runs, 0 hits, 0 errors, 0 left on base; Kane County 0 - Clinton 0
BOTTOM OF THE 1ST
Clinton LumberKings batting - Pitching for Kane County Cougars : RHP Norbert Trillo
Pitching: RHP Norbert Trillo
Batting: SHB Brent Manske 0-0: Called Strike
0-1: Ball
1-1: SINGLE (Groundball, 6MD, EV 105.6 MPH)
Batting: RHB Willie Barrela 0-0: Called Strike
0-1: Ball
1-1: Swinging Strike
1-2: Strikes out swinging
Batting: LHB William Currea 0-0: Called Strike
Brent Manske steals 2nd base
0-1: Ball
1-1: Ball
2-1: DOUBLE (Line Drive, 89M, EV 95.0 MPH)
Brent Manske scores
Batting: SHB Javy Flores 0-0: Ball
1-0: Foul Ball, location: 2F
1-1: Swinging Strike
1-2: Ball
2-2: Ball
3-2: Strikes out swinging
Batting: LHB Ramon Boche 0-0: Ball
1-0: Ball
2-0: Foul Ball, location: 3SF
2-1: Foul Ball, location: 2F
2-2: Foul Ball, location: 7LMF
2-2: Ball
3-2: Foul Ball, location: 2F
3-2: Foul Ball, location: 2F
3-2: Base on Balls
Batting: RHB Ken Garner 0-0: Ball
1-0: Ball
2-0: Called Strike
2-1: Foul Ball, location: 3F
2-2: Strikes out swinging
Bottom of the 1st over - 1 run, 2 hits, 0 errors, 2 left on base; Kane County 0 - Clinton 1
TOP OF THE 2ND
Kane County Cougars batting - Pitching for Clinton LumberKings : RHP Emilio Fioravanti
Batting: LHB Tony Terrazas 0-0: Ball
1-0: Ball
2-0: Foul Ball, location: 5FF
2-1: Ground out 6-3 (Groundball, 6, EV 86.9 MPH)
Batting: RHB Jim Unknown 0-0: Ball
1-0: Called Strike
1-1: Foul Ball, location: 3DF
1-2: SINGLE (Groundball, 6MD, EV 102.5 MPH)
Batting: RHB Jim Unknown 0-0: Ball
1-0: Ball
2-0: Foul Ball, location: 7LMF
2-1: Ball
3-1: Fly out, F7 (Flyball, 78M, EV 95.6 MPH)
Batting: SHB Jim Unknown 0-0: Called Strike
0-1: Ball
1-1: Swinging Strike
1-2: Strikes out looking
Top of the 2nd over - 0 runs, 1 hit, 0 errors, 1 left on base; Kane County 0 - Clinton 1
BOTTOM OF THE 2ND
Clinton LumberKings batting - Pitching for Kane County Cougars : RHP Norbert Trillo
Pitching: RHP Israel Gandara
Batting: RHB Manuel Villa 0-0: Called Strike
0-1: Swinging Strike
0-2: Ball
1-2: Ball
2-2: Ball
3-2: Foul Ball, location: 23FF
3-2: Fly out, F3 (Popup, 3, EV 62.5 MPH)
Batting: RHB Victor Ramirez 0-0: Ball
1-0: Ground out U3 (Groundball, 34, EV 105.6 MPH)
Batting: RHB Sean Flora 0-0: Foul Ball, location: 2F
0-1: Swinging Strike
0-2: Ball
1-2: Ball
2-2: Foul Ball, location: 9LSF
2-2: Ground out 6-3 (Groundball, 6, EV 86.9 MPH)
Bottom of the 2nd over - 0 runs, 0 hits, 0 errors, 0 left on base; Kane County 0 - Clinton 1
TOP OF THE 3RD
Kane County Cougars batting - Pitching for Clinton LumberKings : RHP Emilio Fioravanti
Batting: RHB Jim Unknown 0-0: Called Strike
0-1: Swinging Strike
0-2: Ball
1-2: Foul Ball, location: 2F
1-2: Strikes out swinging
Batting: RHB Jim Unknown 0-0: Called Strike
0-1: Foul Ball, location: 2F
0-2: Ball
1-2: Ball
2-2: Ball
3-2: Foul Ball, location: 9LSF
3-2: Base on Balls
Batting: RHB Brian Noonan 0-0: Ball
1-0: Ball
2-0: Ball
3-0: Base on Balls
Jim Unknown to second
Batting: RHB Jim Unknown 0-0: Foul Ball, location: 7LSFF
0-1: Swinging Strike
0-2: Strikes out swinging
Batting: RHB Sam Eide 0-0: Ball
1-0: Ball
2-0: Called Strike
2-1: Ball
3-1: Base on Balls
Jim Unknown to third
Brian Noonan to second
Batting: LHB Tony Terrazas 0-0: Called Strike
0-1: Ball
1-1: Foul Ball, location: 3F
1-2: Foul Ball, location: 7LDF
1-2: Strikes out swinging
Top of the 3rd over - 0 runs, 0 hits, 0 errors, 3 left on base; Kane County 0 - Clinton 1
BOTTOM OF THE 3RD
Clinton LumberKings batting - Pitching for Kane County Cougars : RHP Israel Gandara
Batting: SHB Brent Manske 0-0: Called Strike
0-1: Ball
1-1: SINGLE (Groundball, 6MD, EV 105.6 MPH)
Batting: RHB Willie Barrela 0-0: Ball
1-0: Called Strike
1-1: Ball
2-1: Fly out, F8 (Flyball, 8RXD, EV 92.5 MPH)
Batting: LHB William Currea 0-0: Swinging Strike
0-1: Ball
1-1: Fielders Choice at 2nd, 6-4 (Groundball, 6, EV 92.5 MPH)
Batting: SHB Javy Flores 0-0: Called Strike
William Currea is caught stealing 2nd base 2-6
Bottom of the 3rd over - 0 runs, 1 hit, 0 errors, 0 left on base; Kane County 0 - Clinton 1
TOP OF THE 4TH
Kane County Cougars batting - Pitching for Clinton LumberKings : RHP Emilio Fioravanti
Batting: RHB Jim Unknown 0-0: Fly out, F8 (Flyball, 8RM, EV 84.4 MPH)
Batting: RHB Jim Unknown 0-0: Called Strike
0-1: Swinging Strike
0-2: Ball
1-2: Ball
2-2: Ball
3-2: Base on Balls
Batting: SHB Jim Unknown 0-0: Foul Ball, location: 23F
0-1: Called Strike
0-2: Fly out, F7 (Line Drive, 78D, EV 92.5 MPH)
Batting: RHB Jim Unknown 0-0: Called Strike
0-1: Ball
1-1: Swinging Strike
1-2: SINGLE (Line Drive, 5D, EV 98.8 MPH)
Jim Unknown to second
Batting: RHB Jim Unknown 0-0: Ball
1-0: Ball
2-0: Called Strike
2-1: Foul Ball, location: 25F
2-2: Strikes out swinging
Top of the 4th over - 0 runs, 1 hit, 0 errors, 2 left on base; Kane County 0 - Clinton 1
BOTTOM OF THE 4TH
Clinton LumberKings batting - Pitching for Kane County Cougars : RHP Israel Gandara
Batting: SHB Javy Flores 0-0: Fly out, F9 (Flyball, 9, EV 89.4 MPH)
Batting: LHB Ramon Boche 0-0: Ball
1-0: Swinging Strike
1-1: Ball
2-1: Fly out, F8 (Flyball, 8LM, EV 89.4 MPH)
Batting: RHB Ken Garner 0-0: Foul Ball, location: 3F
0-1: TRIPLE (Flyball, 78XD, EV 98.1 MPH)
Batting: RHB Manuel Villa 0-0: Called Strike
0-1: Swinging Strike
0-2: Ground out 5-3 (Groundball, 56S, EV 88.8 MPH)
Bottom of the 4th over - 0 runs, 1 hit, 0 errors, 1 left on base; Kane County 0 - Clinton 1
TOP OF THE 5TH
Kane County Cougars batting - Pitching for Clinton LumberKings : RHP Emilio Fioravanti
Batting: RHB Brian Noonan 0-0: Ball
1-0: Ground out 6-3 (Groundball, 6, EV 108.8 MPH)
Batting: RHB Jim Unknown 0-0: Ball
1-0: Called Strike
1-1: Swinging Strike
1-2: Strikes out swinging
Batting: RHB Sam Eide 0-0: Ball
1-0: Foul Ball, location: 9LDF
1-1: Foul Ball, location: 2F
1-2: Ball
2-2: Strikes out looking
Top of the 5th over - 0 runs, 0 hits, 0 errors, 0 left on base; Kane County 0 - Clinton 1
BOTTOM OF THE 5TH
Clinton LumberKings batting - Pitching for Kane County Cougars : RHP Israel Gandara
Batting: RHB Victor Ramirez 0-0: Ball
1-0: Fly out, F8 (Flyball, 8LD, EV 99.4 MPH)
Batting: RHB Sean Flora 0-0: Foul Ball, location: 2F
0-1: Ball
1-1: Ball
2-1: Foul Ball, location: 2F
2-2: Foul Ball, location: 2F
2-2: Foul Ball, location: 2F
2-2: Strikes out swinging
Batting: SHB Brent Manske 0-0: Foul Ball, location: 2F
0-1: Swinging Strike
0-2: Ball
1-2: Strikes out swinging
Bottom of the 5th over - 0 runs, 0 hits, 0 errors, 0 left on base; Kane County 0 - Clinton 1
TOP OF THE 6TH
Kane County Cougars batting - Pitching for Clinton LumberKings : RHP Emilio Fioravanti
Batting: LHB Tony Terrazas 0-0: Ball
1-0: Swinging Strike
1-1: Ball
2-1: Foul Ball, location: 2F
2-2: Strikes out swinging
Pitching: RHP Bartolomeo Guistiniani
Batting: RHB Jim Unknown 0-0: Ball
1-0: Swinging Strike
1-1: Foul Ball, location: 5SF
1-2: Ball
2-2: Strikes out swinging
Batting: RHB Jim Unknown 0-0: Ball
1-0: Called Strike
1-1: Called Strike
1-2: Strikes out swinging
Top of the 6th over - 0 runs, 0 hits, 0 errors, 0 left on base; Kane County 0 - Clinton 1
BOTTOM OF THE 6TH
Clinton LumberKings batting - Pitching for Kane County Cougars : RHP Israel Gandara
Batting: RHB Willie Barrela 0-0: Foul Ball, location: 3F
0-1: Ground out 5-3 (Groundball, 56S, EV 86.9 MPH)
Batting: LHB William Currea 0-0: Ball
1-0: Fly out, F8 (Flyball, 8LD, EV 106.3 MPH)
Batting: SHB Javy Flores 0-0: Fly out, F7 (Flyball, 7S, EV 78.1 MPH)
Bottom of the 6th over - 0 runs, 0 hits, 0 errors, 0 left on base; Kane County 0 - Clinton 1
TOP OF THE 7TH
Kane County Cougars batting - Pitching for Clinton LumberKings : RHP Bartolomeo Guistiniani
Batting: SHB Jim Unknown 0-0: SINGLE (Line Drive, 7LS, EV 104.4 MPH)
Pinch Hitting: LHB Jim Unknown 0-0: Called Strike
0-1: Fly out, F9 (Flyball, 9LM, EV 84.4 MPH)
Batting: LHB Jim Unknown 0-0: Ball
1-0: Foul Ball, location: 9LMF
1-1: Swinging Strike
Passed Ball!
Jim Unknown to second
1-2: Foul Ball, location: 23F
1-2: Ball
2-2: Strikes out swinging
Batting: RHB Brian Noonan 0-0: Ball
1-0: DOUBLE (Flyball, 8RXD, EV 110.6 MPH)
Jim Unknown scores
Batting: RHB Jim Unknown 0-0: Called Strike
0-1: Ball
1-1: Ground out 3-1 (Groundball, 34, EV 80.0 MPH)
Top of the 7th over - 1 run, 2 hits, 0 errors, 1 left on base; Kane County 1 - Clinton 1
BOTTOM OF THE 7TH
Clinton LumberKings batting - Pitching for Kane County Cougars : RHP Israel Gandara
Now at 1B: Jim Unknown
Now in RF: Tony Terrazas
Batting: LHB Ramon Boche 0-0: Called Strike
0-1: Ball
1-1: Ground out U3 (Groundball, 3, EV 88.1 MPH)
Batting: RHB Ken Garner 0-0: Called Strike
0-1: Called Strike
0-2: Foul Ball, location: 9LSF
0-2: Strikes out looking
Batting: RHB Manuel Villa 0-0: Ball
1-0: Ball
2-0: SINGLE (Line Drive, 5D, EV 96.3 MPH)
Batting: RHB Victor Ramirez 0-0: Ball
1-0: Ball
2-0: Ball
3-0: Base on Balls
Manuel Villa to second
Batting: RHB Sean Flora 0-0: Called Strike
0-1: Ball
1-1: Fly out, F8 (Flyball, 8LD, EV 110.0 MPH)
Bottom of the 7th over - 0 runs, 1 hit, 0 errors, 2 left on base; Kane County 1 - Clinton 1
TOP OF THE 8TH
Kane County Cougars batting - Pitching for Clinton LumberKings : RHP Bartolomeo Guistiniani
Batting: RHB Sam Eide 0-0: Ball
1-0: Ball
2-0: Ball
3-0: Base on Balls
Batting: LHB Tony Terrazas 0-0: Ball
1-0: Called Strike
1-1: Ball
2-1: Called Strike
2-2: Fly out, F8 (Flyball, 8RM, EV 91.9 MPH)
Batting: RHB Jim Unknown 0-0: Grounds into double play, 6-4-3 (Groundball, 56, EV 82.5 MPH)
Top of the 8th over - 0 runs, 0 hits, 0 errors, 0 left on base; Kane County 1 - Clinton 1
BOTTOM OF THE 8TH
Clinton LumberKings batting - Pitching for Kane County Cougars : RHP Israel Gandara
Batting: SHB Brent Manske 0-0: Called Strike
0-1: Ground out 4-3 (Groundball, 4, EV 88.8 MPH)
Pinch Hitting: LHB David McDonald 0-0: Called Strike
0-1: Ball
1-1: Ball
2-1: Fly out, F7 (Flyball, 7, EV 88.1 MPH)
Batting: LHB William Currea 0-0: Ball
1-0: Called Strike
1-1: Ball
2-1: Ball
3-1: SINGLE (Line Drive, 56, EV 102.5 MPH)
Batting: SHB Javy Flores 0-0: Called Strike
0-1: Foul Ball, location: 3F
0-2: Strikes out swinging
Bottom of the 8th over - 0 runs, 1 hit, 0 errors, 1 left on base; Kane County 1 - Clinton 1
TOP OF THE 9TH
Kane County Cougars batting - Pitching for Clinton LumberKings : RHP Bartolomeo Guistiniani
Now at 2B: Ken Loes
Batting: RHB Jim Unknown 0-0: DOUBLE (Groundball, 5L, EV 100.0 MPH)
DELAY Rain delay of 26 minutes in the 9th inning.
Batting: SHB Jim Unknown 0-0: Bunt missed!
0-1: Sac Bunt to 15 - play at first, batter OUT! 1-4
Jim Unknown to third
Batting: LHB Jim Unknown 0-0: Intentional Walk
Batting: LHB Jim Unknown 0-0: Ball
1-0: Called Strike
1-1: Ball
2-1: Fielders Choice at 2nd, 1-6 (Groundball, P, EV 72.5 MPH)
Batting: RHB Brian Noonan 0-0: Called Strike
0-1: Ball
1-1: SINGLE (Groundball, 6M, EV 97.5 MPH) (infield hit)
Jim Unknown scores
Jim Unknown to second
Batting: RHB Jim Unknown 0-0: Ball
1-0: Ball
2-0: Called Strike
2-1: Fly out, F4 (Popup, 4, EV 53.1 MPH)
Top of the 9th over - 1 run, 2 hits, 0 errors, 2 left on base; Kane County 2 - Clinton 1
BOTTOM OF THE 9TH
Clinton LumberKings batting - Pitching for Kane County Cougars : RHP Israel Gandara
Batting: LHB Ramon Boche 0-0: Fly out, F9 (Flyball, 89M, EV 82.5 MPH)
Batting: RHB Ken Garner 0-0: Called Strike
0-1: Ball
1-1: Fly out, F9 (Flyball, 89M, EV 85.6 MPH)
Batting: RHB Manuel Villa 0-0: Ball
1-0: Called Strike
1-1: Foul Ball, location: 23F
1-2: Ball
2-2: Foul Ball, location: 9LDF
2-2: Ball
3-2: DOUBLE (Flyball, 8RXD, EV 107.5 MPH)
Pitching: RHP Jon Jones
Pinch Hitting: LHB Joe Garland 0-0: Foul Ball, location: 23FF
0-1: Called Strike
0-2: Strikes out looking
Bottom of the 9th over - 0 runs, 1 hit, 0 errors, 1 left on base; Kane County 2 - Clinton 1
Tuesday, May 14th , 2024 - OOTP Baseball 24.11 Build 85